 Dungeon Crawl Stone Soup version 0.29.1-2-gbd0b4ee654 (webtiles) character file.

Game seed: 9505193742422602579

107 qeuew the Sneak (level 4, -2/29 HPs)
             Began as an Octopode Brigand on Nov 3, 2022.
             Slain by a gnoll
             ... wielding a +0 whip
              (5 damage)
             ... on level 3 of the Dungeon.
             The game lasted 00:04:55 (3040 turns).

qeuew the Sneak (Octopode Brigand)                  Turns: 3040, Time: 00:04:57

Health: -2/29      AC:  1    Str: 10    XL:     4   Next: 86%
Magic:  4/4        EV: 13    Int: 13    God:
Gold:   188        SH:  0    Dex: 15    Spells: 3/3 levels left

rFire   + . .      SeeInvis .   n - +2 short sword of Mastery {drain, +Blink rPois rF+}
rCold   . . .      Faith    .   (no shield)
rNeg    . . .      Spirit   .   (helmet restricted)
rPois   +          Reflect  .   (no amulet)
rElec   .          Harm     .   (no ring)
rCorr   .          Rampage  .   (no ring)
Will    .....                   (no ring)
Stlth   ++++......              (no ring)
HPRegen 0.09/turn               (no ring)
MPRegen 0.09/turn               (no ring)
                                (no ring)
                                (no ring)

@: hasted, very quick
A: almost no armour, amphibious, 8 rings, camouflage 1, gelatinous body 1,
(nimble swimmer 1), tentacles
a: Evoke Blink


You were on level 3 of the Dungeon.
You visited 1 branch of the dungeon, and saw 3 of its levels.

You collected 188 gold pieces.

Inventory:

Hand Weapons
 n - the +2 short sword of Mastery (weapon) {drain, +Blink rPois rF+}
   (You found it on level 2 of the Dungeon)

   A truly terrible weapon, it drains the life of any living foe it strikes.
   rF:        It protects you from fire.
   rPois:     It protects you from poison.
   +Blink:    It lets you blink.
Missiles
 b - 16 poisoned darts (quivered)
 c - 3 curare-tipped darts
 j - 6 atropa-tipped darts
 q - a throwing net
Wands
 s - a wand of flame (24)
 t - a wand of roots (6)
Scrolls
 d - 2 scrolls of noise {unknown}
 k - a scroll of poison {unknown}
 l - 3 scrolls of enchant weapon
 o - a scroll of blinking {unknown}
Potions
 a - a potion of degeneration {unknown}
 f - a potion of resistance
 g - a potion of mutation
 h - 2 potions of curing
 i - a potion of ambrosia {unknown}
 m - a potion of brilliance {unknown}
 p - a potion of magic {unknown}
 r - a potion of might {unknown}


   Skills:
 + Level 2.2 Fighting
 * Level 3.1 Short Blades
 * Level 2.5 Throwing
 * Level 1.9 Dodging
 + Level 6.5 Stealth


You had 3 spell levels left.
You didn't know any spells.
Your spell library contained the following spells:

 Spells                   Type           Power      Damage    Failure   Level
 Shock                    Conj/Air       0%         1d3       30%         1
 Slow                     Hex            0%         N/A       30%         1
 Confusing Touch          Hex            0%         N/A       67%         3
 Swiftness                Air            0%         N/A       67%         3
 Vampiric Draining        Necr           0%         2d6       67%         3
 Airstrike                Air            0%         2d(0-16)  97%         4
 Petrify                  Tmut/Erth      0%         N/A       97%         4
 Metabolic Englaciation   Hex/Ice        0%         N/A       100%        5
 Statue Form              Tmut/Erth      0%         N/A       100%        6


Dungeon Overview and Level Annotations

Branches:
Dungeon (3/15)

Altars:
Cheibriados


Innate Abilities, Weirdness & Mutations

You cannot wear most types of armour.
You are amphibious.
You can wear up to eight rings at the same time.
Your skin changes colour to match your surroundings (Stealth+).
Your rubbery body absorbs attacks. (AC +1, EV +1)
((You are camouflaged when in or above water. (Stealth+)))
You have tentacles for arms and can constrict up to eight enemies at once.


Message History

An adder is nearby!
The adder closely misses you. The adder misses you.
You puncture the adder! Your grab misses the adder.
Your squeeze misses the adder.
The adder is severely wounded.
The adder barely misses you.
You hit the adder.
You kill the adder!
No target in view!
t - a wand of roots (6) No target in view!
You open the door.
There is an open door here.
A gnoll comes into view. It is wielding a +0 spear.
A gnoll is nearby!
A gnoll is nearby! 2 gnolls come into view.
A gnoll is wielding a +1 spear of pain.
The gnoll shouts! x2
The gnoll completely misses you.
The gnoll shouts!
You hit the gnoll. You grab the gnoll.
The gnoll is lightly wounded.
You constrict the gnoll. The gnoll hits you with a +0 spear.
The gnoll barely misses you.
You hit the gnoll.
The gnoll is severely wounded.
You constrict the gnoll. The gnoll hits you with a +0 spear!
The gnoll hits you from afar with a +1 spear of pain.
You writhe in agony.
You hit the gnoll.
You kill the gnoll!
The gnoll hits you from afar with a +1 spear of pain!
* * * LOW HITPOINT WARNING * * *
You writhe in agony.
* * * LOW HITPOINT WARNING * * *
There are monsters nearby!
The gnoll attacks as you move away! The gnoll hits you with a +0 whip.
* * * LOW HITPOINT WARNING * * *
You feel yourself speed up. The gnoll hits you with a +0 whip.
You die...

...# .##.# .#.# ...
..... ....# ♣P.♣
#.#... ...... ♣~~~ #
#..# ....### P~♣ #.
.#### ♣♣.♣ # .#
#♣♣♣♣♣~~♣♣♣♣♣♣# .#
##P~PP♣~.~P~♣~P###
+##...~~~~~~~.~~@g..#
<...#~P♣~~~~~♣.♣P♣#g#
...## ♣♣♣P.♣♣♣♣♣♣ ...
. ....## ♣.♣~.♣ .....
.....###.♣♣~♣ .......
.....'...♣♣~♣♣
.......
.....###.♣P.~♣
#...... ....##
#.#..##.# #.##.#
...## #.......#


You could see 2 gnolls.

Vanquished Creatures
  A gnoll (D:3)
  4 adders
  A worm (D:3)
  5 ball pythons
  7 endoplasms
  2 giant cockroaches (D:1)
  3 goblins (D:2)
  5 hobgoblins
  6 jackals
  5 kobolds
  2 quokkas (D:2)
  7 bats
  3 frilled lizards
  6 rats
57 creatures vanquished.

Notes
Turn   | Place    | Note
-------+----------+-------------------------------------------
     0 | D:1      | qeuew the Octopode Brigand began the quest for the Orb.
     0 | D:1      | Reached XP level 1. HP: 14/14 MP: 1/1
    42 | D:1      | Reached XP level 2. HP: 2/19 MP: 2/2
   886 | D:1      | Found a snail-covered altar of Cheibriados.
   930 | D:1      | Found a faded altar of an unknown god.
  1001 | D:1      | Reached XP level 3. HP: 24/24 MP: 3/3
  1519 | D:1      | Reached skill level 6 in Stealth
  1687 | D:2      | Identified the +4 morningstar "Trog's Anger" {vorpal,
                  | *Corrode rF+ rC+ Int+2}
  1962 | D:2      | Reached XP level 4. HP: 21/29 MP: 4/4
  2257 | D:2      | Identified the +2 short sword of Mastery {drain, +Blink
                  | rPois rF+}
  3040 | D:3      | Slain by a gnoll

Illustrated notes

Levels and vault maps discovered:
D:1:      dpeg_arrival_water_altar, layout_basic,
          dreamdust_ecumenical_altar_hidden_monk_grotto, skrybe_limestone_x,
          minmay_distorted
D:2:      layout_basic, serial_corexii_hall, corexii_hall_statues_i,
          chequers_hall_statues_wall_a
D:3:      layout_loops_corners, corexii_shack, serial_bayou_crossing

Skill      XL: |  1  2  3  4 |
---------------+-------------+-----
Stealth        | 6 |  6.5
Short Blades   | 3 |  3.1
Fighting       | |  2.2
Throwing       | |  2.5
Dodging        | |  1.9

Action                   |  1- 3 |  4- 6 || total
-------------------------+-------+-------++-------
Melee: Dagger            |    69 |     7 ||    76
       Constrict         |    10 |     2 ||    12
       Tentacles         |     8 |       ||     8
       Short sword       |       |    14 ||    14
  Use: Scroll            |     4 |       ||     4
       Potion            |     3 |     1 ||     4
 Stab: Sleeping          |    15 |    13 ||    28
Armor: Skin              |     5 |       ||     5
Dodge: Dodged            |    33 |     5 ||    38
